 Dungeon Crawl Stone Soup version 0.30-a0-462-gd5975efbca (webtiles) character file.

Game seed: 1144342238032809317

5327 ytrimaz the Thaumaturge (level 10, -8/64 HPs)
             Began as a Djinni Fire Elementalist on Dec 16, 2022.
             Was an Initiate of Ashenzari.
             Mangled by a red ugly thing (11 damage)
             ... on level 7 of the Dungeon.
             The game lasted 00:12:24 (8887 turns).

ytrimaz the Thaumaturge (Djinni Fire Elementalist)  Turns: 8887, Time: 00:12:24

Health: -8/64      AC: 10    Str:  7    XL:     10   Next: 96%
Gold:   372        EV: 13    Int: 35    God:    Ashenzari [......] SH:  0 Dex: 14

rFire   + + .      SeeInvis .    f - staff of conjuration
rCold   . . .      Faith    .    (no shield)
rNeg    . . .      Spirit   .    H - +0 steam dragon scales
rPois   ∞          Reflect  .    e - +0 helmet
rElec   +          Harm     .    v - +0 cloak
rCorr   +          Rampage  .    c - +2 pair of gloves
Will    +....                    (boots unavailable)
Stlth   ++........               B - amulet of regeneration
HPRegen 1.10/turn                l - ring "Arala" {Wiz rF- Int+8}
MPRegen 0.00/turn                n - +6 ring of intelligence

@: resistant, flying
A: sickness immunity, fire resistance 2, cold vulnerability 1, float, innate
caster, HP casting, extra vitality 1
a: Renounce Religion


You were on level 7 of the Dungeon.
You worshipped Ashenzari.
Ashenzari was noncommittal.
You visited 2 branches of the dungeon, and saw 9 of its levels.
You also visited: Sewer.

You collected 372 gold pieces.


Innate Abilities, Weirdness & Mutations

You are immune to sickness and miasma.
You are immune to poison.
Your flesh is very heat resistant. (rF++)
You are vulnerable to cold. (rC-)
You float through the air rather than walking.
You learn spells naturally, not from books.
Your magical power is your life essence.
You have superior vitality. (+4 MHP)


   Skills:
 + Level 1.8 Fighting
 + Level 3.2 Dodging
 - Level 1.5 Stealth
 - Level 12.0 Spellcasting


You had 10 spell levels left.
You knew the following spells:

 Your Spells              Type           Power      Damage    Failure   Level
a - Foxfire               Conj/Fire      100%       2x1d9     0%          1
b - Scorch                Fire           100%       2d10      0%          2
c - Kindle Blastsparks    Fire/Tloc/Air  100%       2d18      1%          3
d - Flame Wave            Conj/Fire      100%       2d21      1%          4
e - Inner Flame           Hex/Fire       81%        N/A       1%          3
f - Apportation           Tloc           100%       N/A       0%          1
g - Ensorcelled Hibernat  Hex/Ice        100%       N/A       0%          2
h - Portal Projectile     Hex/Tloc       100%       N/A       1%          3
i - Cause Fear            Hex            40%        N/A       1%          4
Your spell library was empty.

Inventory:

Hand Weapons
 i - the +5 scimitar of Jophixu {vorpal, rN+ Str+8 Int-2 SInv}
   (You found it on level 2 of the Dungeon)

   It inflicts extra damage upon your enemies.
   Str:       It affects your strength (+8).
   Int:       It affects your intelligence (-2).
   rN:        It protects you from negative energy.
   SInv:      It lets you see invisible.
Armour
 c - a +2 pair of gloves (worn)
   (You found it on level 1 of the Dungeon)
 e - a +0 helmet (worn)
   (You found it on level 3 of the Dungeon)
 v - a +0 cloak (worn)
   (You took it off Crazy Yiuf on level 4 of the Dungeon)
 H - +0 steam dragon scales (worn)
   (You found it on level 8 of the Dungeon)
Magical Staves
 f - a staff of conjuration (weapon)
   (You found it on level 1 of the Dungeon)
Jewellery
 k - a ring of see invisible
   (You found it on level 3 of the Dungeon)
 l - the ring "Arala" (left hand) {Wiz rF- Int+8}
   (You found it on level 2 of the Dungeon)

   [ring of wizardry]

   It improves your spell success rate.
   Int:       It affects your intelligence (+8).
   rF:        It makes you vulnerable to fire.
 n - a +6 ring of intelligence (right hand)
   (You found it on level 2 of the Dungeon)
 y - a +4 ring of evasion
   (You took it off a gnoll on level 5 of the Dungeon)
 B - an amulet of regeneration (around neck)
   (You found it on level 6 of the Dungeon)
 E - a +6 ring of intelligence
   (You found it on level 6 of the Dungeon)
 G - a +6 ring of intelligence
   (You found it on level 7 of the Dungeon)
Wands
 m - a wand of charming (24)
   (You found it on level 4 of the Dungeon)
 r - a wand of quicksilver (14)
   (You found it on level 4 of the Dungeon)
 F - a wand of iceblast (11)
   (You found it on level 7 of the Dungeon)
Scrolls
 g - 3 scrolls of teleportation
 u - 2 scrolls of enchant armour
 z - 2 scrolls of enchant weapon
 A - 4 scrolls of immolation
Potions
 b - a potion of resistance
 d - 3 potions of lignification
 h - a potion of attraction {unknown}
 j - a potion of berserk rage {unknown}
 p - 2 potions of haste
 t - a potion of brilliance {unknown}
 w - a potion of cancellation {unknown}
 x - a potion of invisibility {unknown}
 C - 2 potions of curing {unknown}
 D - a potion of degeneration {unknown}

Dungeon Overview and Level Annotations

Branches:
Dungeon (8/15) Zot: 26845  Temple (1/1) D:7 Zot: 5505   Sewer (visited)
   Lair: D:8-11

Altars:
Ashenzari
Cheibriados
Dithmenos
Fedhas
Gozag
Hepliaklqana
Makhleb
Okawaru
Qazlal
Ru
Trog
Uskayaw
Xom
Yredelemnul
Zin
The Shining One

Shops:
D:5 (

Annotations:
D:5 2 transporters, cforsyth's ghost, novice TrFi
D:7 1 runed translucent door, lotum's ghost, novice DsAr

.#<...#'##.........##............
.#....)...)........##........####
...................##....:...####
.......)...........##..........†#
..........##...#)[.##...........#
##....#........)>†...............
.#....#..........###.........####
.#....#.####.....u...########## #
.#.##.#.#....##.@.###...###...###
.#.##.#.#.####.###.#...[.#)###.#.
.#.##.#.#.# #...#...#...#...#...#
.#.##.#.#.# #...#...#####...#...#
.#.##.#.#.###...#...#...#...#...#
.#.##.#.#....#.###.#....)#.###.#.
.#.##.#......##...###)..###...###
.#.##.######.#.....#.###.#.....#.
.#.##.........#...#...#...#...#..


You could see a red ugly thing.


Message History

😮 HP[+1]
Casting: Kindle Blastsparks (safe; 1% risk of failure)
Confirm with . or Enter, or press ? or * to list all spells.
A cloud of volatile blastsparks flares up around you! 😮 HP[-2]
You take 2 damage, and now have 38/64 hp.
Unknown command. 😮 HP[+1]
Casting: Kindle Blastsparks (safe; 1% risk of failure)
Confirm with . or Enter, or press ? or * to list all spells.
A cloud of volatile blastsparks flares up around you! 😮 HP[-2]
You take 2 damage, and now have 37/64 hp.
Unknown command. 😮 HP[+1] 😮 HP[+1]
Casting: Kindle Blastsparks (safe; 1% risk of failure)
Confirm with . or Enter, or press ? or * to list all spells.
A cloud of volatile blastsparks flares up around you!
The red ugly thing barely misses you. 😮 HP[-2]
You take 2 damage, and now have 37/64 hp.
Unknown command.
The cloud of blastsparks explodes!
The concussive blast engulfs the red ugly thing.
The red ugly thing resists.
The concussive blast engulfs you. You resist.
* * * LOW HITPOINT WARNING * * *
You are knocked back by the blast.
The cloud of blastsparks explodes!
The concussive blast engulfs the red ugly thing.
The red ugly thing resists.
The red ugly thing is knocked back by the blast.
The cloud of blastsparks explodes! x2 😨 HP[-5]
You take 5 damage, and now have 32/64 hp.
The red ugly thing attacks as you move away!
The red ugly thing closely misses you.
Things that are here:
a +0 dagger; a +0 robe; an orc corpse; 😮 HP[+2]
You regained 2 hp, and now have 34/64 hp.
There is a stone staircase leading up here. 😮 HP[+1]
The red ugly thing closely misses you.
You fly upwards.
Level annotation: 1 runed translucent door, lotum's ghost, novice DsAr
There is a stone staircase leading down here. 😮 HP[+2]
You regained 2 hp, and now have 37/64 hp.
Unknown command.
As you read the scroll of teleportation, it crumbles to dust.
You feel strangely unstable. The red ugly thing punches you!
* * * LOW HITPOINT WARNING * * *
You are engulfed in flames.
You resist.
* * * LOW HITPOINT WARNING * * *
😨 HP[-12]
You take 12 damage, and now have 25/64 hp. 😨 HP[+1] Unknown command. 😨 HP[+1] Unknown command. 😨 HP[+1] Unknown command.
The red ugly thing attacks as you move away!
The red ugly thing punches you!
* * * LOW HITPOINT WARNING * * *
You are engulfed in flames!
You resist.
* * * LOW HITPOINT WARNING * * *
Your surroundings seem slightly different.
The red ugly thing punches you but does no damage. 😱 HP[-17]
You take 17 damage, and now have 11/64 hp.
MASSIVE DAMAGE!! (PAUSE)
You feel much better. The red ugly thing punches you!
* * * LOW HITPOINT WARNING * * *
You are engulfed in flames!
You resist.
* * * LOW HITPOINT WARNING * * *
😨 HP[+8]
You regained 8 hp, and now have 19/64 hp.
Okay, then.
The red ugly thing punches you.
* * * LOW HITPOINT WARNING * * *
You are engulfed in flames!
You resist.
* * * LOW HITPOINT WARNING * * *
😱 HP[-9]
You take 9 damage, and now have 10/64 hp.
Okay, then.
As you read the scroll of fear, it crumbles to dust.
You assume a fearsome visage.
The red ugly thing easily resists.
The red ugly thing punches you.
* * * LOW HITPOINT WARNING * * *
You are engulfed in flames!
You resist.
* * * LOW HITPOINT WARNING * * *
😱 HP[-8]
You take 8 damage, and now have 2/64 hp.
Unknown command.
Okay, then.
You feel protected. The red ugly thing punches you!
You die...

Skill      XL: |  1  2  3  4  5  6  7  8  9 10 |
---------------+-------------------------------+-----
Spellcasting   | 3 4 5 6 8 10 12 | 12.0
Fighting       | 1 |  1.8
Dodging        | 3 |  3.2
Stealth        | |  1.5

Action                   |  1- 3 |  4- 6 |  7- 9 | 10-12 || total
-------------------------+-------+-------+-------+-------++-------
Melee: Staff             |     2 |    19 |     3 |       ||    24
 Cast: Foxfire           |   112 |    88 |       |       ||   200
       Scorch            |     3 |     1 |       |       ||     4
       Flame Wave        |       |    17 |    49 |    14 ||    80
       Kindle Blastspark |       |     1 |    24 |    12 ||    37
       Portal Projectile |       |       |     1 |       ||     1
  Use: Scroll            |       |     6 |     6 |     3 ||    15
       Potion            |       |       |       |     3 ||     3
Armor: Robe              |     1 |    15 |     8 |     5 ||    29
       Steam dragon scal |       |       |       |     5 ||     5
Dodge: Dodged            |    12 |    20 |    21 |    18 ||    71

Levels and vault maps discovered:
D:1:      mrwooster_arrival_statue_3, layout_loops_cross,
          dreamdust_ecumenical_altar_grove, minmay_misc_feat_pillars
D:2:      layout_loops_cross, basic_altar
D:3:      layout_loops_corners, okawaru_metal_pillars_1_2
D:4:      layout_basic, mainiacjoe_overflow_catwalk, gup_sewer_entry_bowl,
          uniq_crazy_yiuf_cottage
D:5:      layout_basic, gammafunk_temple_overflow_claw, serial_shops, shop,
          gammafunk_ghost_mausoleum
D:6:      layout_layer_cave, uniq_edmund, uniq_blork_the_orc, uniq_menkaure
D:7:      nicolae_cairo_tiling, layout_basic, mainiacjoe_overflow_alcove_1,
          mainiacjoe_overflow_chevrons, ebering_ghost_inner_flame
D:8:      minmay_the_grid_four_pointed_star
          [minmay_the_grid_triangle_9x9_corruption,
          minmay_the_grid_triangle_9x9_skeleton,
          minmay_the_grid_triangle_9x9_pentomino_pain,
          minmay_the_grid_triangle_9x9_tough_junction,
          minmay_the_grid_prize_four_corners], layout_rooms, elyvilon_altar_5,
          erik_lair_orcish_takeover, hangedman_abyss_or_decor_clamps
Temple:   minmay_temple_forest_path

Notes
Turn   | Place    | Note
-------+----------+-------------------------------------------
     0 | D:1      | ytrimaz the Djinni Fire Elementalist began the quest for
                  | the Orb.
     0 | D:1      | ytrimaz set off with the following spells memorised:
                  | Foxfire, Scorch, Kindle Blastsparks, Inner Flame, Flame
                  | Wave.
     0 | D:1      | Reached XP level 1. HP: 15/15 MP: 0/0
     0 | D:1      | magus.rc [v1.9.6]
   155 | D:1      | Reached XP level 2. HP: 16/21 MP: 0/0
   544 | D:1      | Reached skill level 3 in Spellcasting
   601 | D:1      | Found a faded altar of an unknown god.
   921 | D:2      | Reached XP level 3. HP: 22/25 MP: 0/0
   921 | D:2      | Learned a level 1 spell: Apportation
  1040 | D:2      | Found a stormy altar of Qazlal.
  1049 | D:2      | Identified the +5 scimitar of Jophixu {vorpal, rN+ Str+8
                  | Int-2 SInv}
  1470 | D:2      | Identified the ring "Arala" {Wiz rF- Int+8}
  1497 | D:2      | Reached XP level 4. HP: 20/31 MP: 0/0
  2209 | D:3      | Reached skill level 4 in Spellcasting
  2209 | D:3      | Reached XP level 5. HP: 29/35 MP: 0/0
  2209 | D:3      | Learned a level 2 spell: Ensorcelled Hibernation
  2656 | D:3      | Found an iron altar of Okawaru.
  2915 | D:4      | Found a glowing drain.
  2919 | Sewer    | Entered a sewer
  3008 | Sewer    | Noticed a bullfrog
  3008 | Sewer    | Noticed a bullfrog
  3011 | Sewer    | Killed a bullfrog
  3011 | Sewer    | Killed a bullfrog
  3012 | Sewer    | Reached skill level 5 in Spellcasting
  3012 | Sewer    | Reached XP level 6. HP: 25/40 MP: 0/0
  3591 | D:4      | Reached XP level 7. HP: 29/45 MP: 0/0
  3591 | D:4      | Learned a level 3 spell: Portal Projectile
  3727 | D:4      | Found a hide-covered altar of Uskayaw.
  3958 | D:4      | Reached skill level 6 in Spellcasting
  4072 | D:4      | Found a runed translucent door.
  4073 | D:4      | Noticed Crazy Yiuf
  4306 | D:4      | HP: 10/45 [cloud of flame (6)]
  4306 | D:4      | Killed Crazy Yiuf
  4629 | D:5      | Entered Level 5 of the Dungeon
  4629 | D:5      | Found Xitzudd's Weapon Shop.
  4702 | D:5      | Found a transporter.
  4761 | D:5      | Found a transporter.
  4765 | D:5      | Noticed cforsyth's ghost (novice TrFi)
  5004 | D:5      | Found a stormy altar of Qazlal.
  5005 | D:5      | Found a glowing silver altar of Zin.
  5043 | D:5      | Reached XP level 8. HP: 48/50 MP: 0/0
  5199 | D:5      | Reached skill level 7 in Spellcasting
  5583 | D:6      | Noticed Edmund
  5588 | D:6      | Killed Edmund
  5834 | D:6      | Reached skill level 8 in Spellcasting
  5845 | D:6      | Reached XP level 9. HP: 11/55 MP: 0/0
  5845 | D:6      | Learned a level 4 spell: Cause Fear
  6274 | D:6      | Reached skill level 9 in Spellcasting
  6274 | D:6      | Noticed Menkaure
  6278 | D:6      | Killed Menkaure
  6390 | D:6      | Noticed Blork the orc
  6395 | D:6      | Killed Blork the orc
  7584 | D:7      | Reached skill level 10 in Spellcasting
  7874 | D:7      | Reached XP level 10. HP: 54/60 MP: 0/0
  7887 | D:7      | Found a runed translucent door.
  7962 | D:7      | Found a glowing golden altar of the Shining One.
  8017 | D:7      | Found a bloodstained altar of Trog.
  8017 | D:7      | Found a staircase to the Ecumenical Temple.
  8025 | Temple   | Entered the Ecumenical Temple
  8485 | Temple   | Became a worshipper of Ashenzari the Shackled
  8645 | D:7      | Noticed a manticore
  8646 | D:7      | Noticed lotum's ghost (novice DsAr)
  8832 | D:8      | Noticed a cyclops
  8833 | D:8      | Reached skill level 11 in Spellcasting
  8842 | D:8      | Noticed a gargoyle
  8845 | D:8      | Noticed a harpy
  8845 | D:8      | Noticed a boulder beetle
  8846 | D:8      | Killed a cyclops
  8846 | D:8      | Noticed a centaur warrior
  8847 | D:8      | Killed a gargoyle
  8847 | D:8      | Noticed a red ugly thing
  8848 | D:8      | Killed a centaur warrior
  8848 | D:8      | Killed a harpy
  8849 | D:8      | Reached skill level 12 in Spellcasting
  8849 | D:8      | Reached skill level 1 in Fighting
  8849 | D:8      | Reached skill level 3 in Dodging
  8883 | D:7      | HP: 10/64 [red ugly thing (9)]
  8886 | D:7      | HP: 2/64 [red ugly thing (7)]
  8887 | D:7      | Mangled by a red ugly thing

Vanquished Creatures
  A centaur warrior (D:8)
  A harpy (shapeshifter) (D:8)
  A cyclops (D:8)
  A gargoyle (D:8)
  A troll (D:8)
  Menkaure (D:6)
  Edmund (D:6)
  2 steam dragons
  A water moccasin (D:7)
  A black bear (D:6)
  4 ice beasts
  An orc warrior (D:6)
  2 ogres (D:7)
  A phantom (D:6)
  A kobold brigand (D:7)
  Blork the orc (D:6)
  7 bullfrogs
  A gnoll sergeant (D:8)
  A scorpion (D:4)
  3 necrophages
  3 wights (D:7)
  3 howler monkeys
  4 jellies
  4 hounds
  Crazy Yiuf (D:4)
  4 orc priests
  An iguana (D:5)
  6 orc wizards
  7 gnolls
  12 adders
  A river rat (D:4)
  A shadow imp (D:6)
  A white imp (D:5)
  An ufetubus (D:7)
  3 worms (D:2)
  2 dart slugs (D:2)
  12 orcs
  13 ball pythons
  7 endoplasms
  15 giant cockroaches
  5 goblins
  5 hobgoblins
  10 kobolds
  5 quokkas
  4 bats
  9 frilled lizards
  4 rats
176 creatures vanquished.

Vanquished Creatures (collateral kills)
  A foxfire (D:1)
1 creature vanquished.

Vanquished Creatures (others)
  An orc wizard (D:8)
  274 foxfires
275 creatures vanquished.

Grand Total: 452 creatures vanquished

Table legend:
 A = Non-vault XP
 B = Vault XP
 C = Vault XP percentage of total XP
 D = Non-vault monster count
 E = Vault monster count
 F = Vault count percentage of total count
                 A         B        C        D         E       F
            +---------+---------+-------+---------+---------+-------
      Total |    3954 |    3657 |  48.0 |     134 |      43 |  24.3
            +---------+---------+-------+---------+---------+-------
        D:1 |      25 |       0 |   0.0 |      16 |       0 |   0.0
        D:2 |      44 |       0 |   0.0 |      17 |       0 |   0.0
        D:3 |     102 |       0 |   0.0 |      18 |       0 |   0.0
        D:4 |     208 |      57 |  21.5 |      12 |       5 |  29.4
        D:5 |     529 |       0 |   0.0 |      18 |       0 |   0.0
        D:6 |    1213 |     440 |  26.6 |      20 |       3 |  13.0
        D:7 |    1540 |       0 |   0.0 |      28 |       0 |   0.0
        D:8 |     293 |    2878 |  90.8 |       5 |       8 |  61.5
      Sewer |       0 |     282 | 100.0 |       0 |      27 | 100.0
            +---------+---------+-------+---------+---------+-------

Illustrated notes

Table legend:
 A = Kills in this place as a percentage of kills in entire the game.
 B = Kills by you in this place as a percentage of kills by you in the entire game.
 C = Kills by friends in this place as a percentage of kills by friends in the entire game.
 D = Other kills in this place as a percentage of other kills in the entire game.
 E = Experience gained in this place as a percentage of experience gained in the entire game.
 F = Experience gained in this place divided by the number of levels of this place that you have seen.
                   A       B       C       D       E      F
               +-------+-------+-------+-------+-------+----------------------
         Total | 100.0 | 100.0 |   N/A | 100.0 | 100.0 | 761.1
       Dungeon |  84.7 |  84.7 |   N/A | 100.0 |  96.3 | 916.1
         Sewer |  15.3 |  15.3 |   N/A |   0.0 |   3.7 | 282.0
               +-------+-------+-------+-------+-------+----------------------

Table legend: (Time is in decaauts)
 A = Elapsed time spent in this place.
 B = Non-inter-level travel time spent in this place.
 C = Inter-level travel time spent in this place.
 D = Time resting spent in this place.
 E = Time spent auto-exploring this place.
 F = Levels seen in this place.
 G = Mean time per level.
                   A        B        C        D        E       F      G
               +--------+--------+--------+--------+--------+-----+--------+
         Total |   8886 |   8528 |    358 |    466 |   6819 |  10 |  888.6 |
       Dungeon |   7914 |   7627 |    287 |    466 |   6065 |   8 |  989.2 |
        Temple |    494 |    423 |     71 |      0 |    410 |   1 |  494.0 |
         Sewer |    477 |    477 |      0 |      0 |    344 |   1 |  477.0 |
               +--------+--------+--------+--------+--------+-----+--------+

Top non-repeatable levels by time:
     D:6: 1546 daAuts
     D:4: 1258 daAuts
     D:5: 1190 daAuts
     D:3: 1110 daAuts
     D:7: 920 daAuts
     D:1: 906 daAuts
     D:2: 871 daAuts
  Temple: 494 daAuts
   Sewer: 477 daAuts
     D:8: 110 daAuts
